 Dungeon Crawl Stone Soup version 0.23.0 (webtiles) character file.

Game seed: 8346868514100752833

2068 Borgoz the Sneak (level 9, -10/79 HPs)
             Began as a Ghoul Monk on Feb 17, 2019.
             Mangled by a two-headed ogre
             ... wielding a +0 giant club
              (18 damage)
             ... on level 8 of the Dungeon.
             The game lasted 00:11:04 (5539 turns).

Borgoz the Sneak (Ghoul Monk)                       Turns: 5539, Time: 00:11:05

Health: -10/79     AC:  4    Str: 15    XL:     9   Next: 26%
Magic:  8/8        EV: 15    Int:  6    God:
Gold:   406        SH:  0    Dex: 13    Spells: 8/8 levels left

rFire    . . .     SeeInvis .     - Unarmed
rCold    + + .     Gourm    .   (no shield)
rNeg     + + +     Faith    .   w - +0 leather armour (curse)
rPois    ∞         Spirit   .   (no helmet)
rElec    .         Reflect  .   (no cloak)
rCorr    .         Harm     .   (no gloves)
MR       .....                  r - +0 pair of boots
Stlth    +++.......             (no amulet)
HPRegen  0.00/turn              g - ring of protection from cold
MPRegen  0.11/turn              (no ring)

@: rotting, hasted, very quick
A: rotting body, claws 1, carnivore, cold resistance 1, negative energy
resistance 3, inhibited regeneration, torment resistance, unbreathing
a: no special abilities


You were on level 8 of the Dungeon.
You were not hungry.

You visited 1 branch of the dungeon, and saw 8 of its levels.

You collected 406 gold pieces.

Inventory:

Missiles
 v - a throwing net (quivered)
Armour
 r - a +0 pair of boots (worn)
 w - a cursed +0 leather armour (worn)
Jewellery
 a - a +3 ring of strength {unknown}
 g - a ring of protection from cold (left claw)
 k - an uncursed ring of ice
 z - an uncursed ring of see invisible {unknown}
Wands
 q - a wand of flame (18)
Scrolls
 c - a scroll of random uselessness {unknown}
 d - 6 scrolls of remove curse
 e - 3 scrolls of magic mapping {unknown}
 i - a scroll of teleportation
 j - 2 scrolls of enchant armour {unknown}
 l - a scroll of noise {unknown}
 m - a scroll of immolation {unknown}
 n - 2 scrolls of enchant weapon {unknown}
 p - a scroll of identify
 u - a scroll of fog {unknown}
 x - a scroll of vulnerability {unknown}
 y - a scroll of summoning {unknown}
Potions
 o - 2 potions of flight
 s - a potion of resistance
Comestibles
 b - 18 rations


   Skills:
 + Level 7.2 Fighting
 + Level 6.1 Dodging
 + Level 7.4 Stealth
 + Level 7.3 Unarmed Combat


You had 8 spell levels left.
You didn't know any spells.
Your spell library was empty.

Dungeon Overview and Level Annotations

Branches:
Dungeon (8/15)             Temple (0/1) D:4
   Lair: D:8-11

Altars:
Gozag
Sif Muna
Uskayaw
Vehumet
Wu Jian
The Shining One

Annotations:
D:7 Harold


Innate Abilities, Weirdness & Mutations

Your body is rotting away.
You thrive on raw meat.
You are immune to poison.
You have sharp fingernails.
You are carnivorous and can eat meat at any time.
Your flesh is cold resistant. (rC+)
You are immune to negative energy. (rN+++)
You do not regenerate when monsters are visible.
You are immune to unholy pain and torment.
You can survive without breathing.


Message History

The two-headed ogre is lightly wounded.
The two-headed ogre hits you with a +0 giant club!
The two-headed ogre misses you.
You are too injured to fight recklessly!
You feel much better.
The two-headed ogre hits you with a +0 giant club!!
The two-headed ogre hits you with a +0 giant club!
Okay, then.
You claw the two-headed ogre!
The two-headed ogre is heavily wounded.
You scratch the two-headed ogre.
The two-headed ogre is heavily wounded.
The two-headed ogre hits you with a +0 giant club!
* * * LOW HITPOINT WARNING * * *
The two-headed ogre completely misses you.
You feel yourself speed up.
The two-headed ogre hits you with a +0 giant club!
* * * LOW HITPOINT WARNING * * *
The two-headed ogre hits you with a +0 giant club!!
You die...

.. ...
.............))..(....> #.
#.# #.####.####.###'######
#. #.#####.##.....##......#
#.##.(.....#.......#......#
#...oo####o#.......#......+
#..(..W)h...(.._.....(....#
##.(.O###..#.......#......#
#<....# ##.#.......#......#
..#....W#
#.##O@...##....).#
........#
#.####.####......#
.##.....#
#...)?...........# #.....#
##.##.###..####)##
#......... ........## #)#
###.....### #.##.###.# #.#
#.....# # #. #.# #.#
#.##### .. ... ... #. ##
#.# #..


You could see a two-headed ogre and an orc.

Vanquished Creatures
  A hungry ghost (D:8)
  2 wargs (D:8)
  A water moccasin (D:5)
  3 ogres
  A black bear (D:8)
  2 centaurs
  Blork the orc (D:6)
  A big kobold (D:8)
  A bullfrog (D:7)
  A scorpion (D:8)
  2 crimson imps
  2 centaur zombies
  A jelly (D:5)
  3 orc priests
  2 hounds
  2 iguanas
  4 orc wizards
  4 worker ants
  A hound zombie (D:5)
  2 worker ant zombies
  11 adders
  A shadow imp (D:5)
  3 oozes
  3 adder skeletons
  An adder zombie (D:6)
  2 worms
  A dart slug (D:3)
  5 leopard geckos
  16 orcs
  12 hobgoblins
  9 jackals
  4 quokkas
  A ball python (D:5)
  4 bats
  6 frilled lizards
  7 goblins
  14 kobolds
  5 rats
142 creatures vanquished.

Notes
Turn   | Place    | Note
-------+----------+-------------------------------------------
     0 | D:1      | Borgoz the Ghoul Monk began the quest for the Orb.
     0 | D:1      | Reached XP level 1. HP: 19/19 MP: 0/0
   314 | D:1      | Reached XP level 2. HP: 15/26 MP: 1/1
   779 | D:2      | Reached XP level 3. HP: 29/33 MP: 2/2
   956 | D:2      | Reached XP level 4. HP: 13/40 MP: 3/3
  1638 | D:2      | Found a deep blue altar of Sif Muna.
  2138 | D:3      | Reached XP level 5. HP: 40/46 MP: 4/4
  2399 | D:3      | Found a glowing golden altar of the Shining One.
  2947 | D:4      | Found a radiant altar of Vehumet.
  2974 | D:4      | Found an ornate altar of the Wu Jian Council.
  3096 | D:4      | Found a staircase to the Ecumenical Temple.
  3156 | D:5      | Entered Level 5 of the Dungeon
  3185 | D:5      | Reached XP level 6. HP: 53/53 MP: 5/5
  3203 | D:5      | Noticed a +0 hand axe
  3205 | D:5      | Noticed a +0 dagger
  3235 | D:5      | Found a hide-covered altar of Uskayaw.
  3540 | D:5      | Reached skill level 5 in Unarmed Combat
  3702 | D:5      | Reached skill level 5 in Fighting
  3723 | D:5      | Reached XP level 7. HP: 58/61 MP: 6/6
  3832 | D:6      | Noticed Blork the orc
  4043 | D:5      | Reached skill level 5 in Stealth
  4177 | D:6      | Noticed a yak
  4179 | D:6      | Noticed a yak
  4179 | D:6      | Noticed a yak
  4181 | D:6      | Noticed a yak
  4182 | D:6      | Noticed a yak
  4204 | D:6      | Killed Blork the orc
  4504 | D:6      | Reached XP level 8. HP: 30/70 MP: 7/7
  4828 | D:7      | Reached skill level 5 in Dodging
  5261 | D:7      | Noticed Harold
  5329 | D:8      | Found an opulent altar of Gozag.
  5382 | D:8      | Noticed a two-headed ogre
  5394 | D:8      | Reached XP level 9. HP: 11/78 MP: 8/8
  5539 | D:8      | Mangled by a two-headed ogre

Skill      XL: |  1  2  3  4  5  6  7  8  9 |
---------------+----------------------------+-----
Dodging        | 3 4 5 6 |  6.1
Stealth        | 3 4 5 6 7 |  7.4
Unarmed Combat | 4 5 7 |  7.3
Fighting       | 4 5 6 7 |  7.2

Action                   |  1- 3 |  4- 6 |  7- 9 || total
-------------------------+-------+-------+-------++-------
Melee: Unarmed           |    89 |   208 |   303 ||   600
       Punch             |     1 |     1 |    11 ||    13
Evoke: Wand              |       |       |     2 ||     2
  Use: Scroll            |       |    10 |     3 ||    13
       Potion            |       |       |     9 ||     9
 Stab: Sleeping          |     3 |     8 |     3 ||    14
       Invisible         |       |       |     2 ||     2
  Eat: Chunk             |    14 |    12 |    36 ||    62
Armor: Robe              |    16 |    15 |       ||    31
       Leather armour    |       |    22 |    68 ||    90
Dodge: Dodged            |    69 |   133 |   248 ||   450
